AoeStats
← No Wei

Arabia

508501820Analyzed
1v1 RM · 11d ago on Sep 22, 2026· 24m 54s· 2 players
Game mode
Random Map
Map size
Tiny (2 player)
Population
200
Speed
Normal
Resources
Standard
Victory
Conquest
Starting age
Dark Age
Ending age
Imperial Age
RankedLock teamsTeams togetherTeam positionsShared explorationLock speedFull tech treeHidden civsTurbo modeCheats
Victory
Defeat
🇦🇷 Bulgarians · Argentina
1327
+14
🇫🇮 Random · Finland
1276
-14
No Wei
7:10 Loom
9:41 Feudal Age
10:08 Man-at-Arms
10:52 Double-Bit Axe
17:07 Horse Collar
22:44 Castle Age
21:21 Scale Mail Armor
23:03 Stone Mining
SwetOtto
6:58 Loom
10:12 Feudal Age
10:51 Double-Bit Axe
10:49 Horse Collar
14:36 Scale Mail Armor
17:43 Forging
19:41 Arson
21:57 Wheelbarrow
27:15 Castle Age
Connection lost

Rejoining the realm…

Still unreachable

The connection could not be restored.

Session expired

The server has moved on; the page needs a fresh start.